 Dungeon Crawl Stone Soup version 0.31.0-32-g396128a36d (console) character file.

Game seed: 13070653438354015398

5006 utis the Spear-Bearer (level 10, 0/83 HPs)
             Began as a Demigod Gladiator on Mar 25, 2024.
             Succumbed to a hornet's poison
             ... on level 8 of the Dungeon.
             The game lasted 00:29:54 (9348 turns).

utis the Spear-Bearer (Demigod Gladiator)           Turns: 9348, Time: 00:29:55

Health: 0/83       AC: 18    Str: 23    XL:     10   Next: 8%
Magic:  13/13      EV:  9    Int: 14    God:
Gold:   362        SH:  0    Dex: 15    Spells: 9/9 levels left

rFire   + + .        b - +2 trident (venom)
rCold   + . .        (no shield)
rNeg    . . .        H - +3 plate armour "Kuibott" {rF+ rCorr}
rPois   +            x - +2 helmet
rElec   +            j - scarf {repulsion}
rCorr   +            (no gloves)
SInv    .            (no boots)
Will    +....        (no amulet) Stlth
                     J - ring of resist corrosion
HPRegen 0.33/turn    (no ring)
MPRegen 0.13/turn

%: repel missiles
@: lethally poisoned (0 -> -4), resistant, slowed, very slow
A: high MP 1, forlorn, divine attributes
a: no special abilities


You were on level 8 of the Dungeon.
You visited 1 branch of the dungeon, and saw 9 of its levels.

You collected 492 gold pieces.
You spent 130 gold pieces at shops.

Inventory:

Hand Weapons
 a - a +3 halberd
 b - a +2 trident of venom (weapon)
 e - a +2 dire flail of draining
 p - a +0 halberd
 B - a +1 whip of draining
 E - a +0 quarterstaff of draining
 K - a +1 spear of freezing
 M - a +0 trident
 P - a +0 glaive
Missiles
 d - 3 throwing nets
 g - a javelin
 i - 77 stones (quivered)
 u - 5 curare-tipped darts
 y - 11 poisoned darts
Armour
 c - a +0 helmet
 h - a +2 scale mail of poison resistance
 j - a scarf of repulsion (worn)
 l - a +0 helmet
 m - a +0 scale mail
 x - a +2 helmet (worn)
 A - a +0 leather armour
 C - a +3 chain mail
 H - the +3 plate armour "Kuibott" (worn) {rF+ rCorr}
   (You acquired it on level 8 of the Dungeon)

   rF+:       It protects you from fire.
   rCorr:     It protects you from acid and corrosion.
 N - a +0 plate armour
Jewellery
 t - a ring of flight
 J - a ring of resist corrosion (left hand)
Wands
 r - a wand of charming (7)
 v - a wand of polymorph (7)
 O - a wand of flame (42)
 S - a wand of mindburst (10)
 T - a wand of light (14)
Scrolls
 f - 2 scrolls of poison
 k - 3 scrolls of vulnerability
 o - 4 scrolls of immolation
 q - 2 scrolls of fear
 w - 2 scrolls of fog
 D - 4 scrolls of teleportation {@r1}
 G - a scroll of amnesia {unknown}
 I - 2 scrolls of identify
 L - a scroll of enchant armour {unknown}
Potions
 n - 5 potions of cancellation
 z - a potion of attraction
 F - a potion of magic
 Q - a potion of mutation {!q}
 R - a potion of degeneration


   Skills:
 - Level 5.7 Fighting
 * Level 9.8 Polearms
 - Level 1.7 Throwing
 + Level 5.0 Armour
 - Level 5.4 Dodging
 - Level 5.1 Evocations


You had 9 spell levels left.
You didn't know any spells.
Your spell library contained the following spells:

 Spells                   Type           Power      Damage    Failure   Level
 Apportation              Tloc           0%         N/A       99%         1
 Necrotise                Necr           0%         1d4       99%         1
 Shock                    Conj/Air       0%         1d3       99%         1
 Sting                    Conj/Alch      0%         1d3       99%         1
 Summon Small Mammal      Summ           0%         N/A       99%         1
 Dazzling Flash           Conj/Hex       0%         N/A       100%        3
 Gell's Gravitas          Tloc           0%         N/A       100%        3
 Mephitic Cloud           Conj/Alch/Air  0%         N/A       100%        3
 Swiftness                Air            0%         N/A       100%        3
 Teleport Other           Tloc           0%         N/A       100%        3
 Volatile Blastmotes      Fire/Tloc      0%         2d10      100%        3
 Airstrike                Air            0%         2d(0-16)  100%        4
 Fulminant Prism          Conj/Alch      0%         3d5       100%        4
 Ignite Poison            Fire/Alch      0%         N/A       100%        4
 Iskenderun's Mystic Bla  Conj/Tloc      0%         2d3       100%        4
 Sticky Flame             Fire/Alch      0%         2d4       100%        4
 Curse of Agony           Necr           0%         N/A       100%        5
 Silence                  Hex/Air        0%         N/A       100%        5
 Dispersal                Tloc           0%         N/A       100%        6
 Ignition                 Fire           0%         3d3       100%        8


Dungeon Overview and Level Annotations

Branches:
Dungeon (9/15)             Temple (0/1) D:4
   Lair: D:8-11         Orc: D:9-12

Shops:
D:2 *   D:3 *   D:4 ?


Innate Abilities, Weirdness & Mutations

You have an increased reservoir of magic. (+10% MP)
You shall have no god before yourself.
Your divine heritage dramatically boosts your attributes as you level up.


Message History

The centaur kicks you but does no damage.
You hit the hornet.
The hornet is lightly wounded.
The hornet stings you!
* * * LOW HITPOINT WARNING * * *
You are poisoned.
You feel yourself slow down.
The centaur hits you but does no damage.
The centaur barely misses you.
The centaur hits you but does no damage.
The centaur kicks you but does no damage.
The hornet completely misses you.
You feel protected.
You feel very sick.
The centaur hits you but does no damage.
The centaur kicks you but does no damage.
The centaur hits you but does no damage.
The centaur barely misses you. The hornet stings you.
* * * LOW HITPOINT WARNING * * *
The centaur barely misses you.
The centaur kicks you but does no damage.
The centaur hits you but does no damage.
The centaur kicks you but does no damage.
The hornet stings you.
* * * LOW HITPOINT WARNING * * *
You feel as though you will be slow longer.
The centaur hits you.
* * * LOW HITPOINT WARNING * * *
The centaur barely misses you.
Okay, then.
Unknown command.
As you read the scroll of fear, it crumbles to dust.
You assume a fearsome visage.
The centaur looks frightened!
The hornet looks frightened!
The centaur resists with some effort.
* * * LOW HITPOINT WARNING * * *
You feel very sick.
The centaur hits you but does no damage.
The centaur barely misses you. x2; The centaur closely misses you.
You barely miss the centaur.
You die...

░.░░.....░░ ░░░░░░░ ..........░░░
░.░...░░ .░..........░░░░░......░
░░.............<.......░
░...........c.........░░░░░░░
░░....░.........y.....░░....░
░.....░.....................░
░......░........[......>...░░
......░░..░░...cp.....░░...░░░░░░
..░....░░░░░..░░░░░.........░░.░░
..░.....<░░...░░░░...░......░....
.........░░....░░....░......░....
.░.[..>........░.....░.░.........
.░........░......░░..............
..........░..░..░░...............
............░...░░░.........░░..░
............░░░..░░..░...........


You could see a hornet (fleeing, poisoned) and 2 centaurs.

Vanquished Creatures
  A cyclops (D:7)
  Joseph (D:8)
  Maggie (D:8)
  Psyche (D:8)
  A hornet (D:8)
  2 wyverns (D:8)
  A wraith (D:7)
  A basilisk (D:7)
  2 steam dragons
  A sky beast (D:7)
  Duvessa (D:5)
  3 ice beasts
  An orc warrior (D:8)
  3 black bears
  3 centaurs
  2 phantoms
  Blork the orc (D:6)
  3 bullfrogs
  A kobold brigand (D:6)
  2 scorpions
  8 wights
  Dowan (D:5)
  A killer bee (D:8)
  A bombardier beetle (D:5)
  A crimson imp (D:6)
  3 hounds
  A gnoll bouda (D:8)
  2 sleepcaps
  2 iguanas
  4 orc wizards
  8 adders
  A shadow imp (D:8)
  2 white imps (D:7)
  2 ufetubi (D:6)
  A ribbon worm (D:5)
  8 orcs
  7 bats
  3 endoplasms
  8 giant cockroaches
  4 goblins
  7 hobgoblins
  4 jackals
  10 kobolds
  3 quokkas
  7 ball pythons
  7 frilled lizards
  A goblin zombie (D:6)
  5 hobgoblin zombies (D:6)
  3 kobold skeletons (D:6)
  5 rats
152 creatures vanquished.

Vanquished Creatures (others)
  Edmund (D:5)
  A centaur (D:9)
2 creatures vanquished.

Grand Total: 154 creatures vanquished

Notes
Turn   | Place    | Note
-------+----------+-------------------------------------------
     0 | D:1      | utis the Demigod Gladiator began the quest for the Orb.
     0 | D:1      | Reached XP level 1. HP: 17/17 MP: 3/3
   148 | D:1      | Reached skill level 3 in Polearms
   242 | D:1      | Reached XP level 2. HP: 24/24 MP: 4/4
  1226 | D:1      | Reached skill level 4 in Polearms
  1226 | D:1      | Reached XP level 3. HP: 26/29 MP: 5/5
  1473 | D:2      | Found Baabradd's Assorted Antiques.
  2473 | D:3      | Reached XP level 4. HP: 33/36 MP: 6/6
  2720 | D:3      | Found Gozag's Platinum Reserve.
  2878 | D:3      | Reached skill level 5 in Polearms
  3011 | D:4      | Found Jipranti's Magic Scroll Emporium.
  3015 | D:4      | Bought a scroll of fear for 52 gold pieces
  3015 | D:4      | Bought a scroll of fog for 52 gold pieces
  3019 | D:4      | Bought a scroll of identify for 26 gold pieces
  3213 | D:4      | Found a staircase to the Ecumenical Temple.
  3302 | D:4      | Reached XP level 5. HP: 41/41 MP: 7/7
  3490 | D:5      | Entered Level 5 of the Dungeon
  3676 | D:5      | Noticed Dowan
  3676 | D:5      | Noticed Edmund
  3682 | D:5      | Noticed an ice beast
  3871 | D:5      | Reached skill level 6 in Polearms
  3978 | D:5      | Noticed a centaur
  3990 | D:5      | Killed an ice beast
  3991 | D:5      | Reached skill level 1 in Armour
  3991 | D:5      | Reached XP level 6. HP: 41/49 MP: 8/8
  3992 | D:5      | Noticed Duvessa
  3995 | D:5      | Reached skill level 1 in Evocations
  4001 | D:5      | Killed Duvessa
  4015 | D:5      | Killed Edmund
  4016 | D:5      | Reached XP level 7. HP: 22/56 MP: 9/9
  4020 | D:5      | Killed Dowan
  4662 | D:5      | Noticed a steam dragon
  4727 | D:5      | Killed a steam dragon
  5292 | D:6      | Noticed Blork the orc
  5299 | D:6      | Killed Blork the orc
  5300 | D:6      | Reached skill level 7 in Polearms
  5300 | D:6      | Reached XP level 8. HP: 65/66 MP: 10/10
  5332 | D:5      | HP: 3/62 [wight/+3 battleaxe (11)]
  6477 | D:7      | You fall into a shaft and drop 1 floor!
  6503 | D:8      | Noticed Psyche
  6522 | D:8      | Killed Psyche
  6596 | D:8      | Reached skill level 8 in Polearms
  6603 | D:8      | Reached XP level 9. HP: 38/73 MP: 11/11
  6759 | D:8      | Reached skill level 5 in Fighting
  6759 | D:8      | Noticed Joseph
  6781 | D:8      | Killed Joseph
  6816 | D:8      | Noticed Maggie
  6977 | D:8      | Reached skill level 5 in Dodging
  7372 | D:7      | Noticed a cyclops
  7382 | D:7      | Killed a cyclops
  7508 | D:7      | Reached skill level 9 in Polearms
  7508 | D:7      | Reached skill level 5 in Evocations
  8626 | D:8      | Identified a scroll of acquirement
  8627 | D:8      | Acquired the +3 plate armour "Kuibott" {rF+ rCorr}
  8741 | D:8      | Killed Maggie
  8742 | D:8      | Reached XP level 10. HP: 65/83 MP: 13/13
  9232 | D:9      | Noticed a two-headed ogre
  9335 | D:8      | Reached skill level 5 in Armour
  9336 | D:9      | Paralysed by a hornet for 3 turns
  9346 | D:8      | HP: 3/83 [centaur (2)]
  9347 | D:8      | HP: 1/83 [poisoned by a hornet]
  9348 | D:8      | Succumbed to a hornet's poison

Illustrated notes

Levels and vault maps discovered:
D:1:      onia_arrival_mini_spirals, layout_loops_ring,
          ebering_ecumenical_altar_rust
D:2:      layout_loops_ring, serial_shops, nicolae_square_shop,
          nicolae_elevator_lobby_plus
D:3:      layout_rooms, nicolae_gozag_zags_fifth_avenue,
          gammafunk_temple_overflow_forgotten, chequers_serial_rivers_small_b,
          grunt_ministairs_12, nicolae_kite_square_tiling_tiny
D:4:      layout_loops_cross, pf_just_have_faith, minmay_temple_entry_wispy,
          serial_shops, nicolae_shop_window_shopping
D:5:      layout_basic, uniq_duvessa, uniq_edmund
D:6:      layout_basic, nicolae_tso_besieged_by_evil, minmay_misc_feat_chi,
          uniq_blork_the_orc
D:7:      layout_basic, kennysheep_cross_bottleneck, minmay_three_doors
D:8:      layout_cave_pools, nicolae_vehumet_radiance, uniq_psyche, uniq_joseph,
          uniq_maggie
D:9:      layout_basic, old_standard_altar, xom_confusion_cloud,
          grunt_lair_entry_orc_guard_hut

Skill      XL: |  1  2  3  4  5  6  7  8  9 10 |
---------------+-------------------------------+-----
Polearms       | 3 4 5 6 7 8 9 |  9.8
Fighting       | 2 3 4 5 |  5.7
Armour         | 1 2 3 4 5 |  5.0
Dodging        | 3 4 5 |  5.4
Evocations     | 3 4 5 |  5.1
Throwing       | |  1.7

Action                     |  1- 3 |  4- 6 |  7- 9 | 10-12 || total
---------------------------+-------+-------+-------+-------++-------
  Melee: Trident           |   184 |    94 |   288 |     5 ||   571
         Punch             |     1 |       |     1 |       ||     2
         Halberd           |       |       |    68 |    13 ||    81
  Throw: Stone             |     1 |       |       |       ||     1
         Javelin           |       |     1 |       |       ||     1
         Dart              |       |       |     1 |       ||     1
    Use: Scroll            |     3 |     5 |    10 |     1 ||    19
         Potion            |       |     1 |     5 |     1 ||     7
   Stab: Sleeping          |     1 |       |       |       ||     1
         Invisible         |       |       |     2 |       ||     2
         Distracted        |       |       |     1 |       ||     1
 Armour: Leather armour    |    44 |       |       |       ||    44
         Scale mail        |    62 |    35 |     3 |       ||   100
         Chain mail        |       |       |   231 |       ||   231
         Plate armour      |       |       |    13 |    68 ||    81
  Dodge: Dodged            |    85 |    47 |   156 |    45 ||   333
         Repelled          |     2 |       |     5 |     1 ||     8
